 Dungeon Crawl Stone Soup version 0.26-a0-665-gefeb406119 (webtiles) character file.

Game seed: 16285379130885178292

592150 Murumi the Slayer (level 27, -17/312 (314) HPs)
             Began as an Ogre Conjurer on Oct 6, 2020.
             Was the Champion of Okawaru.
             Killed from afar by an electric golem (20 damage)
             ... with a bolt of lightning
             ... on level 1 of the Realm of Zot on Oct 14, 2020.
             The game lasted 07:12:32 (63905 turns).

Murumi the Slayer (Ogre Conjurer)                  Turns: 63905, Time: 07:12:34

HP:   -17/312 (314) AC: 22    Str: 32    XL:     27
MP:   32/32         EV: 13    Int: 26    God:    Okawaru [******]
Gold: 4875          SH: 30    Dex:  9    Spells: 32/32 levels left

rFire    + + .     SeeInvis +   I - +5 demon whip (elec)
rCold    + + .     Faith    +   z - +5 tower shield {reflect}
rNeg     + . .     Spirit   .   a - +3 gold dragon scales
rPois    +         Reflect  +   Q - +0 mask of the Dragon {MR+ Slay+3 SInv}
rElec    .         Harm     .   V - +2 cloak {rCorr}
rCorr    +         Rampage  .   (gloves unavailable)
MR       +++..                  (boots unavailable)
Stlth    ..........             M - amulet of Caffy {Faith +Inv rF+}
HPRegen  0.62/turn              k - ring of the Enemy {rC+ Str+5}
MPRegen  0.23/turn              D - ring "Dodaadess" {rPois rN+ Str+4 Int+2 Dex+2}

@: heroism, finesse, corroded
A: large, unfitting armour, tough skin 1
}: 3/15 runes: serpentine, barnacled, silver
a: Heroism, Finesse, Renounce Religion, Evoke Invisibility


You were on level 1 of the Realm of Zot.
You worshipped Okawaru.
Okawaru was exalted by your worship.
You visited 10 branches of the dungeon, and saw 46 of its levels.
You visited 1 bazaar.
You also visited: Gauntlet and Ice Cave.

You collected 7713 gold pieces.
You spent 2838 gold pieces at shops.

Inventory:

Hand Weapons
 u - a +8 vampiric giant spiked club
 I - a +5 demon whip of electrocution (weapon)
Missiles
 d - 104 poisoned darts
 e - 15 datura-tipped darts
 f - 1238 stones
 i - 10 silver boomerangs
 q - 35 silver javelins
 t - 81 boomerangs
 B - 6 boomerangs of dispersal
 K - 110 javelins
 N - 177 large rocks (quivered)
 T - 10 curare-tipped darts
 W - 8 throwing nets
Armour
 a - +3 gold dragon scales (worn)
 z - a +5 tower shield of reflection (worn)
 Q - the +0 mask of the Dragon (worn) {MR+ Slay+3 SInv}
   (Okawaru gifted it to you on level 5 of the Vaults)

   It affects your accuracy and damage with ranged weapons and melee attacks
   (+3).
   It affects your resistance to hostile enchantments.
   It lets you see invisible.
 V - a +2 cloak of preservation (worn)
Jewellery
 k - the ring of the Enemy (left hand) {rC+ Str+5}
   (You bought it in a shop on level 1 of the Snake Pit)

   [ring of protection from cold]

   It affects your strength (+5).
   It protects you from cold.
 w - the ring of Raciahyl {EV+4 Str+2 Int+2 SInv}
   (You bought it in a shop on level 2 of the Orcish Mines)

   [ring of evasion]

   It affects your evasion (+4).
   It affects your strength (+2).
   It affects your intelligence (+2).
   It lets you see invisible.
 D - the ring "Dodaadess" (right hand) {rPois rN+ Str+4 Int+2 Dex+2}
   (You bought it in a shop on level 2 of the Orcish Mines)

   [ring of positive energy]

   It affects your strength (+4).
   It affects your intelligence (+2).
   It affects your dexterity (+2).
   It protects you from poison.
   It protects you from negative energy.
 M - the amulet of Caffy (around neck) {Faith +Inv rF+}
   (You found it on level 6 of the Lair of Beasts)

   [amulet of faith]

   It allows you to gain divine favour quickly.
   It protects you from fire.
   It lets you turn invisible.
Wands
 v - a wand of iceblast (60)
 y - a wand of acid (36)
 A - a wand of digging (19)
 C - a wand of enslavement (64)
 R - a wand of polymorph (51)
Scrolls
 g - 18 scrolls of teleportation
 h - 11 scrolls of identify
 l - 9 scrolls of blinking
 n - 19 scrolls of remove curse
 G - 9 scrolls of fog
 U - 11 scrolls of magic mapping
 X - 4 scrolls of fear
 Z - 5 scrolls of holy word
Potions
 b - 5 potions of ambrosia
 c - 2 potions of heal wounds
 j - 4 potions of magic
 m - 4 potions of resistance
 o - 8 potions of haste
 p - 13 potions of curing
 r - a potion of cancellation
 s - 5 potions of invisibility
 x - 10 potions of brilliance
 F - 9 potions of mutation
 H - 5 potions of flight
 P - 6 potions of might
Miscellaneous
 E - a lightning rod (4/4)
 J - a condenser vane (2/2)
 L - a phial of floods
 O - a tin of tremorstones (3/3)
 S - a box of beasts (3/3)
 Y - a phantom mirror


   Skills:
 - Level 25.0(27) Fighting
 - Level 17.0(22.0) Maces & Flails
 + Level 18.2(23.2) Throwing
 - Level 15.0(20.0) Armour
 - Level 17.0(22.0) Dodging
 - Level 2.0(7.0) Stealth
 - Level 17.0(22.0) Shields
 - Level 3.0 Spellcasting
   Level 4.0 Conjurations
 - Level 13.0 Invocations
 - Level 9.0 Evocations


You had 32 spell levels left.
You didn't know any spells.
Your spell library contained the following spells:

 Spells                   Type           Power        Failure   Level
 Magic Dart               Conj           ###.         16%         1
 Searing Ray              Conj           ###...       24%         2
 Foxfire                  Conj/Fire      ##..         34%         1
 Shock                    Conj/Air       ##..         34%         1
 Apportation              Tloc           #.....       63%         1
 Corona                   Hex            #......      63%         1
 Freeze                   Ice            #...         63%         1
 Summon Small Mammal      Summ           #...         63%         1
 Conjure Flame            Conj/Fire      ##......     71%         3
 Dazzling Flash           Conj/Hex       ##....       71%         3
 Static Discharge         Conj/Air       ##......     71%         3
 Stone Arrow              Conj/Erth      ##....       71%         3
 Blink                    Tloc           N/A          77%         2
 Call Imp                 Summ           #.......     77%         2
 Corpse Rot               Necr/Air       N/A          77%         2
 Ensorcelled Hibernation  Hex/Ice        #.....       77%         2
 Sublimation of Blood     Necr           #.........   77%         2
 Confusing Touch          Hex            #.......     94%         3
 Frozen Ramparts          Ice            #.....       94%         3
 Gell's Gravitas          Tloc           #.........   94%         3
 Ignite Poison            Fire/Tmut/Pois #.......     94%         3
 Inner Flame              Hex/Fire       #.......     94%         3
 Lesser Beckoning         Tloc           #.........   94%         3
 Ozocubu's Armour         Ice            #.......     94%         3
 Portal Projectile        Hex/Tloc       #.....       94%         3
 Summon Guardian Golem    Hex/Summ       #.......     94%         3
 Teleport Other           Tloc           #.......     94%         3
 Tukima's Dance           Hex            #.......     94%         3
 Vampiric Draining        Necr           #.........   94%         3
 Fulminant Prism          Conj/Hex       ##........   98%         4
 Hailstorm                Conj/Ice       ##......     98%         4
 Iskenderun's Mystic Bla  Conj/Tloc      ##......     98%         4
 Sticky Flame             Conj/Fire      ##......     98%         4
 Iskenderun's Battlesphe  Conj           ###.....     99%         5
 Animate Dead             Necr           #.........   100%        4
 Cause Fear               Hex            #.........   100%        4
 Leda's Liquefaction      Hex/Erth       #.........   100%        4
 Passage of Golubria      Tloc           N/A          100%        4
 Petrify                  Tmut/Erth      #.......     100%        4
 Summon Ice Beast         Ice/Summ       #.......     100%        4
 Summon Lightning Spire   Summ/Air       #.......     100%        4
 Alistair's Intoxication  Tmut/Pois      #........    100%        5
 Bolt of Magma            Conj/Fire/Erth ##........   100%        5
 Borgnjor's Vile Clutch   Necr/Erth      #.........   100%        5
 Fireball                 Conj/Fire      ##........   100%        5
 Irradiate                Conj/Tmut      ##........   100%        5
 Lee's Rapid Deconstruct  Erth           #.........   100%        5
 Metabolic Englaciation   Hex/Ice        #.........   100%        5
 Silence                  Hex/Air        #.........   100%        5
 Summon Demon             Summ           #.........   100%        5
 Summon Forest            Summ/Tloc      #.........   100%        5
 Summon Mana Viper        Hex/Summ       #.......     100%        5
 Yara's Violent Unravell  Hex/Tmut       #.........   100%        5
 Conjure Ball Lightning   Conj/Air       ##........   100%        6
 Dispersal                Tloc           #.........   100%        6
 Eringya's Noxious Bog    Tmut/Pois      #.........   100%        6
 Hydra Form               Tmut           #.........   100%        6
 Invisibility             Hex            #.......     100%        6
 Iron Shot                Conj/Erth      ##........   100%        6
 Ozocubu's Refrigeration  Ice            #.........   100%        6
 Shadow Creatures         Summ           N/A          100%        6
 Simulacrum               Ice/Necr       #.........   100%        6
 Statue Form              Tmut/Erth      #........    100%        6
 Dragon Form              Tmut           #.........   100%        7
 Malign Gateway           Summ/Tloc      #.........   100%        7
 Monstrous Menagerie      Summ           #.........   100%        7
 Orb of Destruction       Conj           ###.......   100%        7
 Spellforged Servitor     Conj/Summ      ##........   100%        7
 Summon Greater Demon     Summ           #.........   100%        7
 Summon Hydra             Summ           #.........   100%        7
 Discord                  Hex            #.........   100%        8
 Disjunction              Tloc           #.........   100%        8
 Summon Horrible Things   Summ           #.........   100%        8
 Shatter                  Erth           #.........   100%        9
 Tornado                  Air            #.........   100%        9


Dungeon Overview and Level Annotations

Branches:
Dungeon (15/15)            Temple (1/1) D:5            Lair (6/6) D:8
 Shoals (4/4) Lair:2        Snake (4/4) Lair:2        Slime (0/5) Lair:6
    Orc (2/2) D:12            Elf (3/3) Orc:2        Vaults (5/5) D:14
  Crypt (0/3) Vaults:2     Depths (5/5) D:15            Zot (1/5) Depths:5
  IceCv (visited)         Gauntlet (visited)

Altars:
Ashenzari
Cheibriados
Dithmenos
Elyvilon
Fedhas
Gozag
Hepliaklqana
Kikubaaqudgha
Makhleb
Nemelex Xobeh
Okawaru
Qazlal
Ru
Sif Muna
Trog
Uskayaw
Vehumet
Wu Jian
Xom
Yredelemnul
Zin
The Shining One
Beogh

Shops:
D:4 [   D:5 =   D:8 =   D:15 (   Orc:1 }   Orc:2 ?:==   Elf:1 [   Elf:3 (
Snake:1 ==}   Vaults:1 ?

Portals:
Hell: Depths:1 Depths:2 Depths:3 Depths:4 Depths:5
Abyss: Depths:1 Depths:4
Pandemonium: Depths:3 Depths:4
Ziggurat: Depths:4


Innate Abilities, Weirdness & Mutations

You are too large for most types of armour.
You have tough skin. (AC +1)


Message History

The electric golem crackles and sizzles.
The electric golem hurls lightning at you.
The bolt of lightning hits you!!!
* * * LOW HITPOINT WARNING * * *
The electric golem hurls lightning at you.
The bolt of lightning misses you.
Press: ? - help, Dir - move target cursor, p - electric golem
As you read the scroll of blinking, it crumbles to dust.
A quicksilver dragon comes into view.
The quicksilver dragon roars deafeningly!
The quicksilver dragon breathes dispelling energy at you.
The bolt of dispelling energy misses you.
The electric golem blinks!
The quicksilver dragon breathes dispelling energy at you.
The bolt of dispelling energy hits you!!
Your magical effects are unravelling.
* * * LOW HITPOINT WARNING * * *
The electric golem hurls lightning at you.
The bolt of lightning hits you!!
You die...

..§...............#
..................#
.....8.....§......#
#...########.....##
#...# ##...#8## ##### ..
#......# ...####...#
...# ##...# #####
.....#.@D###### #...#
.....#...##...###...####
........................
.⌠......................
........................
...#.....####..[...###.#
[..#...#.# ####...# #.#
.. #...#)# ##### #.#
#####.# #.#


You could see an electric golem and a quicksilver dragon (catching breath).

Vanquished Creatures
  2 ancient liches (Vaults:5)
  Saint Roka (Snake:2)
  Frederick (Vaults:3)
  A caustic shrike (Depths:2)
  8 golden dragons
  Nikola (Snake:2)
  the Enchantress (Depths:1)
  2 bone dragons (Depths:5)
  The ghost of Peloso the Hoplite, an adept MiFi of Okawaru (Vaults:2)
  5 tentacled monstrosities
  Jorgrun (Snake:1)
  A titan (Vaults:5)
  2 quicksilver dragons
  7 liches
  Polyphemus (Shoals:3)
  An acid blob (Depths:1)
  2 deep elf master archers (Elf:3)
  3 deep elf blademasters
  Frances (Snake:2)
  5 sphinxes
  5 shadow dragons
  A death cob (Zot:1)
  Donald (Vaults:4)
  Kirke (Shoals:4)
  An azure jelly (Depths:1)
  3 draconian monks
  6 storm dragons
  6 tengu reavers
  7 nagarajas
  14 fire giants
  5 draconian knights
  6 deep elf sorcerers
  3 iron dragons
  16 vault wardens
  10 frost giants
  Aizul (Snake:1)
  2 orc warlords (Vaults:2)
  A ghoul (Vaults:2)
  3 draconian scorchers (Zot:1)
  A balrug (Depths:1)
  Louise (Shoals:3)
  A draconian shifter (Zot:1)
  18 ironheart preservers
  4 deep elf elementalists
  4 spriggan defenders
  A reaper (Depths:4)
  32 very ugly things
  A draconian annihilator (Zot:1)
  25 stone giants
  A war gargoyle (Vaults:2)
  A draconian stormcaller (Zot:1)
  6 deep elf demonologists
  2 dire elephants
  3 black draconians
  3 yellow draconians (Depths:5)
  A green draconian (Zot:1)
  4 entropy weavers
  4 vampire knights
  Azrael (D:15)
  The ghost of Gargoyl the Fighter, a journeyman GnAK of Lugonu (Lair:6)
  3 white draconians
  11 deep elf annihilators
  2 red draconians (Zot:1)
  7 purple draconians
  2 minotaurs
  4 deep elf death magi
  5 spark wasps
  9 ettins
  Snorg (Lair:4)
  3 merfolk javelineers
  6 death oozes (Depths:1)
  A blizzard demon (IceCv)
  A crystal guardian (Vaults:2)
  5 deep elf high priests
  2 jiangshi (Depths:1)
  9 fire dragons
  9 merfolk impalers
  14 yaktaur captains
  8 boulder beetles
  7 rakshasas
  6 great orbs of eyes
  The ghost of Oxapyi the Grappler, a journeyman TrFi of Gozag (Lair:1)
  Josephine (D:13)
  A monstrous demonspawn (Depths:4)
  10 naga warriors
  8 ice dragons
  14 centaur warriors
  9 spriggan air magi
  31 vault guards
  9 hydras
  7 merfolk avatars
  20 ogre magi
  An alligator (Shoals:3)
  4 anacondas
  7 alligator snapping turtles
  27 dancing weapons
  22 death yaks
  4 death knights
  2 death scarabs (Gauntlet)
  2 queen ants
  14 deep troll shamans
  3 catoblepae
  4 satyrs
  58 two-headed ogres
  12 deep troll earth magi
  3 merfolk aquamancers
  A queen ant (shapeshifter) (Vaults:5)
  6 orc high priests
  7 tengu warriors
  2 vampire magi (Depths:1)
  7 spriggan berserkers
  4 shock serpents
  12 naga sharpshooters
  16 hell knights
  Sonja (Lair:4)
  18 deep elf knights
  3 sun demons
  2 shadow wraiths
  2 iron trolls (Depths:5)
  A fire crab (shapeshifter) (Vaults:2)
  A salamander mystic (Depths:5)
  A sixfirhy (Depths:2)
  4 skeletal warriors (Vaults:2)
  5 unseen horrors
  A death drake (shapeshifter) (Vaults:5)
  2 flayed ghosts
  5 wizards
  16 sea snakes
  A spectral hydra (Gauntlet)
  45 deep trolls
  An unseen horror (shapeshifter) (Vaults:5)
  3 glowing orange brains
  A torturous demonspawn (Depths:3)
  31 orc knights
  24 ironbrand convokers
  5 naga ritualists
  3 phantasmal warriors
  A lindwurm (shapeshifter) (Vaults:5)
  15 necromancers
  30 ugly things
  14 harpies
  A fire giant zombie (Vaults:5)
  11 deep elf archers
  4 mana vipers
  15 cyclopes
  A tengu skeleton (Vaults:5)
  A sphinx zombie (Vaults:5)
  A wolf spider (shapeshifter) (Depths:2)
  6 orc sorcerers
  42 deep elf magi
  18 manticores
  5 oklob plants
  2 wolf spiders (Vaults:1)
  20 fauns
  3 moths of wrath (Zot:1)
  6 salamanders
  A human zombie (Vaults:5)
  3 rust devils
  3 guardian serpents
  11 merfolk sirens
  21 black mambas
  A smoke demon (Depths:3)
  13 elephants
  19 naga magi
  A black mamba (shapeshifter) (Vaults:1)
  A guardian serpent (shapeshifter) (Vaults:5)
  12 vault sentinels
  An eye of devastation (Gauntlet)
  A cane toad (shapeshifter) (Depths:2)
  A stone giant skeleton (Vaults:4)
  3 ice statues
  2 gargoyles
  5 water nymphs
  8 cane toads
  An orange demon (Depths:4)
  7 komodo dragons
  Maggie (Lair:2)
  A tormentor (Depths:3)
  10 freezing wraiths
  4 efreet
  2 komodo dragons (shapeshifter)
  49 yaktaurs
  A yaktaur zombie (Vaults:4)
  2 golden dragon simulacra (IceCv)
  5 ice devils
  5 tengu conjurers
  2 anaconda simulacra (IceCv)
  24 merfolk
  3 rime drakes
  20 trolls
  8 hornets
  A polar bear (shapeshifter) (Depths:2)
  A jumping spider (Vaults:1)
  3 wolf spider simulacra (IceCv)
  A hornet (shapeshifter) (Elf:3)
  40 slime creatures
  A jumping spider (shapeshifter) (Vaults:1)
  12 wind drakes
  4 polar bears
  A meliai zombie (D:12)
  10 dream sheep
  12 snapping turtles
  A slime creature (shapeshifter) (Depths:1)
  An ettin zombie (Vaults:5)
  A spectral dream sheep (Gauntlet)
  A raiju (shapeshifter) (Depths:2)
  15 blink frogs
  A large abomination (Elf:1)
  2 spriggans (shapeshifter)
  4 dire elephant simulacra (IceCv)
  5 spriggans
  5 redbacks
  A yak (shapeshifter) (Vaults:5)
  A shadow (D:9)
  20 water elementals
  5 wraiths
  An air elemental (Elf:1)
  55 yaks
  A tarantella (Vaults:3)
  5 wyverns
  6 hogs (Shoals:4)
  A vampire (D:14)
  A golden eye (Gauntlet)
  4 basilisks
  A human (shapeshifter) (Vaults:1)
  A human simulacrum (Vaults:5)
  3 fire elementals
  A steam dragon (Lair:5)
  A redback simulacrum (D:14)
  7 wargs
  19 soldier ants
  4 harpy simulacra (IceCv)
  37 nagas
  2 soldier ants (shapeshifter)
  3 iron troll simulacra (IceCv)
  5 hell hounds (D:15)
  A spectral cane toad (Gauntlet)
  A swamp worm (shapeshifter) (Vaults:2)
  An acid dragon (shapeshifter) (Depths:2)
  An acid dragon (D:15)
  19 water moccasins
  A floating eye (Depths:2)
  68 orc warriors
  3 ice beasts
  An alligator simulacrum (IceCv)
  2 sky beasts
  3 phantoms
  3 ettin simulacra (Depths:3)
  3 black bears
  A hornet zombie (D:14)
  3 necrophages
  15 wolves
  23 centaurs
  33 ogres
  6 boggarts
  An elf skeleton (Vaults:5)
  A human skeleton (Vaults:4)
  A big kobold (D:10)
  3 elf zombies (Elf:1)
  A bullfrog (shapeshifter) (Vaults:5)
  16 bullfrogs
  A glowing shapeshifter simulacrum (Vaults:4)
  3 scorpions
  22 killer bees
  An elephant simulacrum (IceCv)
  5 wights
  2 electric eels (Lair:6)
  3 howler monkeys
  A bullfrog zombie (D:12)
  3 quasits (Depths:4)
  6 draconian simulacra (IceCv)
  8 hounds
  5 centaur zombies
  29 orc priests
  4 jellies
  2 bullfrog skeletons
  37 orc wizards
  9 centaur skeletons
  3 iguanas
  Natasha (thrice) (D:2)
  A hell rat (D:8)
  27 worker ants
  2 troll simulacra (IceCv)
  A centaur simulacrum (IceCv)
  2 hound skeletons
  3 gnolls (D:2)
  2 ogre simulacra (IceCv)
  A river rat (D:7)
  15 adders
  3 naga simulacra (IceCv)
  6 shadow imps
  9 white imps
  11 ufetubi
  An ooze (D:2)
  2 adder skeletons (D:7)
  A worm (D:6)
  A dart slug (D:1)
  An adder simulacrum (D:9)
  5 leopard geckos
  117 orcs
  8 giant cockroaches
  3 goblins
  5 hobgoblins
  9 jackals
  6 kobolds
  6 quokkas
  8 bats
  2 frilled lizards (D:2)
  A jackal skeleton (D:6)
  A quokka skeleton (D:4)
  4 rats
2251 creatures vanquished.

Vanquished Creatures (collateral kills)
  Rupert (Lair:6)
  A dire elephant (Lair:6)
  A minotaur (Lair:6)
  A death ooze (Depths:1)
  2 vault guards (Vaults:3)
  A two-headed ogre (Vaults:3)
  A naga sharpshooter (Snake:4)
  A wizard (D:13)
  A naga ritualist (Snake:4)
  A naga mage (Snake:4)
  An eye of devastation (Lair:6)
  A vault sentinel (Vaults:3)
  A komodo dragon (Lair:6)
  A troll (Snake:2)
  2 dream sheep (Lair:6)
  3 orc warriors
  An eye of draining (Lair:6)
  2 orc priests
  8 orcs
31 creatures vanquished.

Vanquished Creatures (others)
  A fire giant (Depths:3)
  Erolcha (D:13)
  A war gargoyle (Vaults:5)
  An anaconda (Snake:2)
  A merfolk aquamancer (Shoals:4)
  An unseen horror (D:14)
  An unseen horror (shapeshifter) (Depths:2)
  A deep elf archer (Elf:1)
  An orc sorcerer (Orc:2)
  A naga mage (Snake:2)
  A cane toad (Lair:1)
  A yaktaur (Vaults:2)
  A rime drake (Lair:1)
  A merfolk (Shoals:4)
  2 dream sheep (Lair:6)
  A yak (Lair:6)
  A naga (Snake:2)
  2 orc warriors
  A white imp (IceCv)
  An ufetubus (IceCv)
  A frilled lizard (shapeshifter) (Vaults:5)
  18 fungi
  141 plants
182 creatures vanquished.

Grand Total: 2464 creatures vanquished

Notes
Turn   | Place    | Note
-------+----------+-------------------------------------------
     0 | D:1      | Murumi the Ogre Conjurer began the quest for the Orb.
     0 | D:1      | Reached XP level 1. HP: 16/16 MP: 3/3
   294 | D:1      | Reached XP level 2. HP: 24/24 MP: 1/5
   504 | D:1      | Learned a level 2 spell: Searing Ray
  1082 | D:2      | Reached XP level 3. HP: 31/31 MP: 3/7
  1204 | D:2      | Reached skill level 1 in Fighting
  1277 | D:2      | Reached skill level 1 in Throwing
  1277 | D:2      | Reached XP level 4. HP: 42/42 MP: 4/8
  1279 | D:2      | Reached skill level 2 in Fighting
  1541 | D:2      | Noticed Natasha
  1546 | D:2      | Killed Natasha
  1546 | D:2      | Reached skill level 1 in Maces & Flails
  1601 | D:2      | Noticed Natasha
  1605 | D:2      | Killed Natasha
  1605 | D:2      | Reached skill level 3 in Fighting
  1605 | D:2      | Reached XP level 5. HP: 47/53 MP: 4/9
  1661 | D:2      | Noticed Natasha
  1667 | D:2      | Killed Natasha
  1973 | D:3      | Reached skill level 4 in Fighting
  2011 | D:3      | Reached XP level 6. HP: 57/63 MP: 6/10
  2025 | D:3      | Reached skill level 5 in Fighting
  2836 | D:3      | Found a sparkling altar of Nemelex Xobeh.
  3701 | D:4      | Reached skill level 6 in Fighting
  3701 | D:4      | Reached XP level 7. HP: 75/75 MP: 11/11
  3794 | D:4      | Found Viucytz's Antique Armour Boutique.
  4004 | D:4      | Found the +2 robe of Vines {NoPotionHeal Regen+7}
  4241 | D:5      | Entered Level 5 of the Dungeon
  4380 | D:5      | Found an opulent altar of Gozag.
  4604 | D:5      | Found Apyufecs's Jewellery Boutique.
  4615 | D:5      | Reached skill level 7 in Fighting
  4615 | D:5      | Reached XP level 8. HP: 52/87 MP: 9/12
  4652 | D:5      | Bought a cursed ring of teleportation for 58 gold pieces
  4894 | D:5      | Found a staircase to the Ecumenical Temple.
  4907 | Temple   | Entered the Ecumenical Temple
  5043 | Temple   | Became a worshipper of Warmaster Okawaru
  5259 | D:6      | Reached skill level 8 in Fighting
  5293 | D:6      | Found an ancient bone altar of Kikubaaqudgha.
  5297 | D:6      | Found a shimmering blue altar of Sif Muna.
  5297 | D:6      | Found an ornate altar of the Wu Jian Council.
  5310 | D:6      | Reached skill level 1 in Invocations
  5382 | D:6      | Reached skill level 1 in Evocations
  5551 | D:6      | Reached * piety under Okawaru
  5600 | D:6      | Found a broken altar of Ashenzari.
  5649 | D:6      | Found an opulent altar of Gozag.
  6010 | D:6      | Reached XP level 9. HP: 90/96 MP: 5/13
  6122 | D:6      | Reached skill level 5 in Throwing
  6277 | D:7      | Reached skill level 9 in Fighting
  6975 | D:7      | Reached skill level 5 in Maces & Flails
  6982 | D:7      | Reached ** piety under Okawaru
  6988 | D:7      | Reached skill level 5 in Dodging
  7399 | D:8      | Found Riosiafa's Jewellery Shoppe.
  7442 | D:8      | Bought a cursed amulet of inaccuracy for 26 gold pieces
  7663 | D:8      | Noticed a death yak
  7675 | D:8      | Noticed a death yak
  7765 | D:8      | Noticed a death yak
  7818 | D:7      | HP: 5/100 [death yak (26)]
  7821 | D:7      | Killed a death yak
  7821 | D:7      | Reached skill level 10 in Fighting
  7821 | D:7      | Reached XP level 10. HP: 15/110 MP: 1/14
  8036 | D:7      | Killed a death yak
  8036 | D:7      | Reached *** piety under Okawaru
  8209 | D:8      | Killed a death yak
  8209 | D:8      | Reached **** piety under Okawaru
  8353 | D:8      | Found a staircase to the Lair.
  8593 | D:8      | Received a gift from Okawaru
  8743 | Lair:1   | Entered Level 1 of the Lair of Beasts
  8784 | Lair:1   | Noticed a cane toad
  8857 | D:9      | Reached skill level 11 in Fighting
  9060 | D:9      | Found a large runed translucent door.
  9136 | D:9      | Found a large runed translucent door.
  9542 | D:9      | Reached ***** piety under Okawaru
  9664 | D:9      | Found an ornate altar of the Wu Jian Council.
  9664 | D:9      | Noticed a yaktaur captain
  9681 | D:9      | HP: 5/113 [yaktaur captain (22)]
  9684 | D:9      | Killed a yaktaur captain
  9684 | D:9      | Reached XP level 11. HP: 9/120 MP: 13/15
  9725 | D:9      | Found an ornate altar of the Wu Jian Council.
  9725 | D:9      | Noticed a flayed ghost
  9741 | D:9      | Killed a flayed ghost
  9912 | Lair:1   | Reached skill level 5 in Invocations
 10015 | Lair:1   | Received a gift from Okawaru
 10055 | Lair:1   | Found a runed translucent gate.
 10055 | Lair:1   | Found a runed translucent gate.
 10072 | Lair:1   | Found a runed translucent gate.
 10074 | Lair:1   | Noticed a minotaur
 10075 | Lair:1   | Noticed Oxapyi's ghost (journeyman TrFi)
 10125 | Lair:1   | Noticed an eight-headed hydra
 10137 | Lair:1   | Killed an eight-headed hydra
 10137 | Lair:1   | Received a gift from Okawaru
 10137 | Lair:1   | Reached skill level 12 in Fighting
 11100 | Lair:2   | Found a staircase to the Shoals.
 11133 | Lair:2   | Noticed a five-headed hydra
 11148 | Lair:2   | Killed a five-headed hydra
 11221 | Lair:2   | Noticed Maggie
 11240 | Lair:2   | Killed Maggie
 11266 | Lair:2   | Got an ichor-stained mace
 11271 | Lair:2   | Noticed a death yak
 11271 | Lair:2   | Noticed a death yak
 11271 | Lair:2   | Noticed a death yak
 11271 | Lair:2   | Noticed a death yak
 11271 | Lair:2   | Noticed a death yak
 11293 | Lair:2   | Killed a death yak
 11293 | Lair:2   | Reached XP level 12. HP: 122/132 MP: 4/16
 11316 | Lair:2   | Killed a death yak
 11316 | Lair:2   | Received a gift from Okawaru
 11329 | Lair:2   | Noticed a death yak
 11331 | Lair:2   | Killed a death yak
 11377 | Lair:1   | Killed a death yak
 11534 | Lair:2   | Killed a death yak
 11534 | Lair:2   | Received a gift from Okawaru
 11534 | Lair:2   | Reached skill level 13 in Fighting
 11584 | Lair:2   | Killed a death yak
 11785 | Lair:2   | Found a staircase to the Snake Pit.
 11849 | Lair:2   | Noticed a catoblepas
 11876 | Lair:2   | Killed a catoblepas
 12066 | Lair:2   | Received a gift from Okawaru
 12499 | Lair:3   | Noticed a death yak
 12502 | Lair:3   | Noticed a death yak
 12502 | Lair:3   | Noticed a death yak
 12523 | Lair:2   | Killed a death yak
 12592 | Lair:3   | Identified the +4 mace of Taci {holy, rElec rF- rN+} (You
                  | found it on level 2 of the Lair of Beasts)
 12602 | Lair:3   | You fall into a shaft and drop 3 floors!
 12602 | Lair:6   | Entered Level 6 of the Lair of Beasts
 12614 | Lair:6   | Noticed an eight-headed hydra
 12614 | Lair:6   | Noticed Gargoyl's ghost (journeyman GnAK)
 12615 | Lair:6   | Noticed a minotaur
 12616 | Lair:6   | Noticed a six-headed hydra
 12618 | Lair:6   | Noticed a dire elephant
 12642 | Lair:6   | Received a gift from Okawaru
 12669 | Lair:6   | Reached skill level 10 in Throwing
 12705 | Lair:6   | Received a gift from Okawaru
 12783 | Lair:6   | Reached XP level 13. HP: 145/145 MP: 9/17
 12799 | Lair:6   | Reached skill level 14 in Fighting
 12819 | Lair:6   | Received a gift from Okawaru
 13142 | Lair:4   | Noticed Snorg
 13151 | Lair:4   | Killed Snorg
 13331 | Lair:3   | Reached skill level 15 in Fighting
 14437 | Lair:4   | Noticed Sonja
 14466 | Lair:4   | Killed Sonja
 14786 | Lair:4   | Noticed an entropy weaver
 14786 | Lair:4   | Noticed an entropy weaver
 14806 | Lair:4   | Reached skill level 10 in Maces & Flails
 14815 | Lair:4   | Killed an entropy weaver
 14833 | Lair:4   | Killed an entropy weaver
 15117 | Lair:5   | Received a gift from Okawaru
 15190 | Lair:5   | Reached skill level 10 in Dodging
 15190 | Lair:5   | Reached XP level 14. HP: 154/159 MP: 19/19
 15315 | Lair:5   | Received a gift from Okawaru
 15781 | Lair:5   | Received a gift from Okawaru
 15782 | Lair:5   | Got a twisted hat {god gift}
 15787 | Lair:5   | Identified the +1 hat "Vesm" {rCorr Int-5 SInv} (Okawaru
                  | gifted it to you on level 5 of the Lair of Beasts)
 15868 | Lair:6   | Noticed Rupert
 15882 | Lair:6   | Killed Rupert
 15882 | Lair:6   | Reached skill level 16 in Fighting
 15944 | Lair:6   | Found a staircase to the Slime Pits.
 16226 | Lair:6   | Found a runed translucent gate.
 16238 | Lair:6   | Reached skill level 5 in Evocations
 16240 | Lair:6   | Found a runed translucent gate.
 16250 | Lair:6   | Found a runed translucent gate.
 16735 | Lair:6   | Reached skill level 17 in Fighting
 17228 | Lair:6   | Received a gift from Okawaru
 17232 | Lair:6   | Noticed a dire elephant
 17247 | Lair:6   | Killed a dire elephant
 17280 | Lair:6   | Got a wavering amethyst amulet
 17298 | Lair:6   | Identified a scroll of acquirement
 17298 | Lair:6   | Acquired a +1 cloak of poison resistance
 17713 | Lair:1   | Killed Oxapyi's ghost
 17713 | Lair:1   | Reached ****** piety under Okawaru
 17906 | Lair:6   | Reached XP level 15. HP: 145/174 MP: 15/21
 17916 | Lair:6   | Killed Gargoyl's ghost
 17918 | Lair:6   | Received a gift from Okawaru
 17926 | Lair:6   | Got a pitted hat {god gift}
 17936 | Lair:6   | Identified the -5 hat of the Prince of Darkness {rElec rF+
                  | Dex+4} (Okawaru gifted it to you on level 6 of the Lair of
                  | Beasts)
 17986 | Lair:6   | Identified the Compendium of Earthen Combat Magic
 18211 | D:10     | Entered Level 10 of the Dungeon
 18440 | D:10     | Identified the amulet of Caffy {Faith +Inv rF+} (You found
                  | it on level 6 of the Lair of Beasts)
 19281 | D:11     | Found a gate leading to a gauntlet.
 19296 | Gauntlet | Entered a Gauntlet
 19296 | Gauntlet | Found a transporter.
 19296 | Gauntlet | Found a transporter.
 19308 | Gauntlet | Found a transporter.
 19326 | Gauntlet | Found a transporter.
 19326 | Gauntlet | Found a transporter.
 19326 | Gauntlet | Found a transporter.
 19328 | Gauntlet | Found a transporter.
 19328 | Gauntlet | Found a transporter.
 19339 | Gauntlet | Found a transporter.
 19352 | Gauntlet | Found a transporter.
 19365 | Gauntlet | Found a transporter.
 19373 | Gauntlet | Found a transporter.
 19410 | Gauntlet | Found a transporter.
 19425 | Gauntlet | Found a transporter.
 19673 | Gauntlet | Identified the +9 long sword of Dust {vorpal, *Slow rElec
                  | rF+ Dex+2}
 19737 | Gauntlet | Identified the Papyrus of Lightness and Calling
 20469 | D:12     | Received a gift from Okawaru
 20809 | D:12     | Reached skill level 18 in Fighting
 20846 | D:12     | Received a gift from Okawaru
 20984 | D:12     | Found a staircase to the Orcish Mines.
 21274 | Orc:1    | Entered Level 1 of the Orcish Mines
 21347 | Orc:1    | Found Kasor's Gadget Emporium.
 21911 | Orc:1    | Found a roughly hewn altar of Beogh.
 21963 | Orc:1    | Found a roughly hewn altar of Beogh.
 22243 | Orc:2    | Entered Level 2 of the Orcish Mines
 22609 | Orc:1    | Reached XP level 16. HP: 137/185 MP: 22/22
 22643 | Orc:1    | Received a gift from Okawaru
 22734 | Orc:2    | Received a gift from Okawaru
 22793 | Orc:2    | Found a staircase to the Elven Halls.
 23075 | Orc:2    | Received a gift from Okawaru
 23166 | Orc:2    | Received a gift from Okawaru
 23168 | Orc:2    | Identified the +1 dire flail "Biull" {protect, rElec MR+}
                  | (Okawaru gifted it to you on level 2 of the Orcish Mines)
 23195 | Orc:2    | Found Joatrek's Jewellery Boutique.
 23195 | Orc:2    | Found Zikkaps's Magic Scroll Shoppe.
 23199 | Orc:2    | Found Addif's Book Shoppe.
 23199 | Orc:2    | Found Jyumetei's Jewellery Boutique.
 23211 | Orc:2    | Bought the ring "Dodaadess" {rPois rN+ Str+4 Int+2 Dex+2}
                  | for 624 gold pieces
 23211 | Orc:2    | Bought a cursed ring of attention for 58 gold pieces
 24241 | D:13     | Noticed Erolcha
 24266 | D:13     | Killed Erolcha
 24266 | D:13     | Reached skill level 19 in Fighting
 24356 | D:13     | Identified the Collected Works on Frigorific Companions
 24394 | D:13     | Noticed Josephine
 24399 | D:13     | Killed Josephine
 24399 | D:13     | Received a gift from Okawaru
 24769 | D:14     | Found a gate to the Vaults.
 25093 | D:14     | Received a gift from Okawaru
 25093 | D:14     | Reached skill level 1 in Shields
 25680 | D:15     | Entered Level 15 of the Dungeon
 26058 | D:15     | Noticed Azrael
 26073 | D:15     | Killed Azrael
 26177 | D:15     | Received a gift from Okawaru
 26188 | D:15     | Reached skill level 5 in Shields
 26203 | D:15     | Got an encrusted tower shield {god gift}
 26213 | D:15     | Identified the +0 tower shield of the Many Defenders
                  | {rCorr} (Okawaru gifted it to you on level 15 of the
                  | Dungeon)
 26325 | D:15     | Found Lezoj's Antique Weapon Shop.
 26381 | D:15     | Reached XP level 17. HP: 198/198 MP: 23/23
 26651 | D:15     | Found a staircase to the Depths.
 26922 | D:15     | Found a shadowy altar of Dithmenos.
 27273 | Snake:1  | Entered Level 1 of the Snake Pit
 27378 | Snake:1  | Noticed Jorgrun
 27403 | Snake:1  | Killed Jorgrun
 27553 | Snake:1  | Noticed Aizul
 27580 | Snake:1  | Killed Aizul
 27831 | Snake:1  | Found Cenuwnar's Gadget Emporium.
 27831 | Snake:1  | Found Pezinenatt's Jewellery Shop.
 27832 | Snake:1  | Found Geuh Ada's Jewellery Shop.
 27839 | Snake:1  | Bought a condenser vane (2/2) for 200 gold pieces
 28351 | Snake:2  | Received a gift from Okawaru
 28365 | Snake:2  | Noticed Saint Roka
 28379 | Snake:2  | Killed Saint Roka
 28379 | Snake:2  | Received a gift from Okawaru
 28460 | Snake:2  | Noticed Nikola
 28476 | Snake:2  | Killed Nikola
 28580 | Snake:2  | Reached skill level 10 in Shields
 28649 | Snake:2  | Noticed Frances
 28667 | Snake:2  | Killed Frances
 29067 | Snake:3  | Received a gift from Okawaru
 29094 | Snake:3  | Identified the +1 robe of Xolanuf {Str+2} (Okawaru gifted
                  | it to you on level 3 of the Snake Pit)
 29477 | Snake:3  | HP: 5/198 [naga warrior/+0 glaive (28)]
 29477 | Snake:3  | HP: 1/198 [naga warrior/+0 glaive (4)]
 29729 | Snake:4  | Entered Level 4 of the Snake Pit
 30099 | Snake:4  | Reached XP level 18. HP: 193/208 MP: 24/24
 30139 | Snake:4  | Received a gift from Okawaru
 30149 | Snake:4  | Reached skill level 10 in Invocations
 30232 | Snake:4  | Got a polished hat {god gift}
 30242 | Snake:4  | Identified the +4 hat "Atan" {rElec rC- MR++ rCorr}
                  | (Okawaru gifted it to you on level 4 of the Snake Pit)
 30343 | Snake:1  | Bought the ring of the Enemy {rC+ Str+5} for 680 gold
                  | pieces
 30653 | Snake:4  | Got a serpentine rune of Zot
 31048 | Shoals:1 | Entered Level 1 of the Shoals
 31110 | Shoals:1 | Found a transporter.
 31305 | Shoals:1 | Reached skill level 20 in Fighting
 31456 | Shoals:1 | Found a transporter.
 31656 | Shoals:1 | Found a transporter.
 31656 | Shoals:1 | Found a transporter.
 31674 | Shoals:1 | Found a transporter.
 31906 | Shoals:1 | Received a gift from Okawaru
 33112 | Shoals:2 | Reached XP level 19. HP: 194/219 MP: 26/26
 33802 | Shoals:3 | Received a gift from Okawaru
 34036 | Shoals:3 | Noticed Polyphemus
 34061 | Shoals:3 | Killed Polyphemus
 34266 | Shoals:3 | Noticed Louise
 34280 | Shoals:3 | Killed Louise
 34431 | Shoals:4 | Entered Level 4 of the Shoals
 34555 | Shoals:4 | Noticed Kirke
 34596 | Shoals:4 | Killed Kirke
 34990 | Shoals:4 | Received a gift from Okawaru
 35650 | Shoals:4 | Reached skill level 15 in Throwing
 35773 | Shoals:4 | Got a barnacled rune of Zot
 36086 | Depths:1 | Entered Level 1 of the Depths
 36257 | Depths:1 | Found a runed translucent door.
 36398 | Depths:1 | Found a one-way gate to the infinite horrors of the Abyss.
 36465 | Depths:1 | Received a gift from Okawaru
 36540 | Depths:1 | Reached skill level 21 in Fighting
 36546 | Depths:1 | Reached XP level 20. HP: 232/234 MP: 27/27
 36878 | Depths:1 | Received a gift from Okawaru
 37011 | Depths:1 | Noticed the Enchantress
 37033 | Depths:1 | Killed the Enchantress
 37135 | Depths:1 | Found a gateway to Hell.
 37897 | Depths:1 | Received a gift from Okawaru
 37906 | Depths:1 | Upgraded the game from 0.26-a0-660-gc07710193c to
                  | 0.26-a0-661-g406de6ba63
 38178 | Depths:2 | Reached skill level 15 in Shields
 38433 | Depths:2 | Reached XP level 21. HP: 167/241 MP: 29/29
 38582 | Depths:2 | Noticed a caustic shrike
 38601 | Depths:2 | Killed a caustic shrike
 38650 | Depths:2 | Received a gift from Okawaru
 38837 | Depths:2 | Found a radiant altar of Vehumet.
 38837 | Depths:2 | Found a shimmering altar of Xom.
 38844 | Depths:2 | Found a blossoming altar of Fedhas.
 38869 | Depths:2 | Received a gift from Okawaru
 39562 | Depths:2 | Identified the Tome of Earthen Execration
 39641 | Depths:3 | Received a gift from Okawaru
 39811 | Depths:3 | Received a gift from Okawaru
 40197 | Depths:3 | Upgraded the game from 0.26-a0-661-g406de6ba63 to
                  | 0.26-a0-663-g36e8fdb655
 40220 | Depths:3 | Reached skill level 22 in Fighting
 40575 | Depths:3 | Reached XP level 22. HP: 257/257 MP: 30/30
 40689 | Depths:3 | Found a one-way gate leading to the halls of Pandemonium.
 40900 | Depths:3 | Received a gift from Okawaru
 40911 | Depths:3 | Reached skill level 23 in Fighting
 41037 | Depths:3 | Received a gift from Okawaru
 41472 | Depths:4 | Received a gift from Okawaru
 41479 | Depths:4 | Identified the +6 great mace of Action {venom, MR+ Str+4
                  | Int-4 Dex+2} (Okawaru gifted it to you on level 4 of the
                  | Depths)
 41775 | Depths:4 | Reached skill level 15 in Maces & Flails
 41879 | Depths:4 | Found a gateway to a ziggurat.
 42061 | Depths:4 | Received a gift from Okawaru
 42404 | Depths:4 | Noticed a golden dragon
 42410 | Depths:4 | Killed a golden dragon
 42410 | Depths:4 | Received a gift from Okawaru
 42510 | Depths:4 | HP: 10/260 [deep troll (14)]
 42511 | Depths:4 | HP: 4/260 [deep troll (9)]
 42624 | Depths:4 | Received a gift from Okawaru
 42977 | Depths:5 | Entered Level 5 of the Depths
 43254 | Depths:5 | Received a gift from Okawaru
 43321 | Depths:5 | Reached skill level 15 in Dodging
 43397 | Depths:5 | Noticed a golden dragon
 43408 | Depths:5 | Killed a golden dragon
 43426 | Depths:5 | Reached XP level 23. HP: 267/267 MP: 31/31
 43428 | Depths:5 | Received a gift from Okawaru
 44033 | Depths:5 | Received a gift from Okawaru
 44318 | Depths:5 | Found a gate to the Realm of Zot.
 44318 | Depths:5 | Noticed a golden dragon
 44340 | Depths:5 | Killed a golden dragon
 44350 | Depths:5 | Reached skill level 24 in Fighting
 44852 | Vaults:1 | Entered Level 1 of the Vaults
 44903 | Vaults:1 | Received a gift from Okawaru
 45128 | Orc:2    | Bought the ring of Raciahyl {EV+4 Str+2 Int+2 SInv} for 722
                  | gold pieces
 45139 | Orc:2    | Bought a scroll of enchant armour for 120 gold pieces
 45892 | Vaults:1 | Found Xyntuata's Magic Scroll Boutique.
 46256 | Vaults:1 | Received a gift from Okawaru
 46296 | Vaults:1 | Received a gift from Okawaru
 46357 | Vaults:1 | Reached skill level 1 in Armour
 47016 | Vaults:2 | Received a gift from Okawaru
 47306 | Vaults:2 | Found a flickering gateway to a bazaar.
 47318 | Bazaar   | Entered a bazaar
 47332 | Bazaar   | Found Lyvot's Antique Weapon Emporium.
 47347 | Bazaar   | Found Iqeisuw's Armour Shoppe.
 47362 | Bazaar   | Found Gedax's Gadget Shoppe.
 47362 | Bazaar   | Found Saicof's Assorted Antiques.
 47372 | Bazaar   | Bought a potion of haste for 350 gold pieces
 47605 | Vaults:2 | Identified the cursed +1 triple sword "Imnigruhan" {vorpal,
                  | +Inv}
 47657 | Vaults:2 | Reached XP level 24. HP: 169/282 MP: 32/32
 47658 | Vaults:2 | Reached skill level 5 in Armour
 48447 | Vaults:2 | Received a gift from Okawaru
 49063 | Vaults:2 | Found a runed translucent gate.
 49063 | Vaults:2 | Found a runed translucent gate.
 49063 | Vaults:2 | Found a runed translucent gate.
 49064 | Vaults:2 | Noticed Peloso's ghost (adept MiFi)
 49340 | Vaults:2 | Found a staircase to the Crypt.
 49340 | Vaults:2 | Found a basalt altar of Yredelemnul.
 49341 | Vaults:2 | Found an ancient bone altar of Kikubaaqudgha.
 49842 | Vaults:2 | Received a gift from Okawaru
 50016 | Vaults:2 | Found a roughly hewn altar of Beogh.
 50140 | Vaults:2 | Killed Peloso's ghost
 50543 | Vaults:3 | Noticed Frederick
 50557 | Vaults:3 | Killed Frederick
 50604 | Vaults:3 | You fall into a shaft and drop 1 floor!
 50750 | Vaults:4 | Reached skill level 10 in Armour
 51168 | Vaults:3 | Received a gift from Okawaru
 51667 | Vaults:3 | Identified the ring "Zynn" {Ice MR+ Str+2 Int+2 SInv} (You
                  | found it on level 3 of the Vaults)
 52392 | Vaults:4 | Identified the ring "Gyxusuhe" {rC+ Str+2 Stlth-} (You
                  | found it on level 4 of the Vaults)
 52783 | Vaults:4 | Reached XP level 25. HP: 289/289 MP: 32/32
 52845 | Vaults:4 | Noticed Donald
 52858 | Vaults:4 | Killed Donald
 52898 | Vaults:4 | Received a gift from Okawaru
 53240 | Vaults:4 | Received a gift from Okawaru
 53887 | Vaults:5 | Entered Level 5 of the Vaults
 53891 | Vaults:5 | Received a gift from Okawaru
 53910 | Vaults:5 | Received a gift from Okawaru
 53911 | Vaults:5 | Found the +0 mask of the Dragon {MR+ Slay+3 SInv}
 53932 | Vaults:5 | Upgraded the game from 0.26-a0-663-g36e8fdb655 to
                  | 0.26-a0-665-gefeb406119
 54804 | Vaults:5 | Received a gift from Okawaru
 55191 | Vaults:5 | Noticed an ancient lich
 55199 | Vaults:5 | Killed an ancient lich
 55227 | Vaults:5 | Paralysed by a floating eye for 2 turns
 55238 | Vaults:4 | Received a gift from Okawaru
 55510 | Vaults:5 | Reached XP level 26. HP: 293/298 MP: 32/32
 55632 | Vaults:5 | Received a gift from Okawaru
 55678 | Vaults:5 | Identified the +4 great sword "Ocsocipru" {vorpal, +Fly
                  | Str+3 Dex-4}
 55679 | Vaults:5 | Received a gift from Okawaru
 55707 | Vaults:5 | Noticed an ancient lich
 55713 | Vaults:5 | Killed an ancient lich
 56236 | Vaults:5 | Received a gift from Okawaru
 56444 | Vaults:5 | Got a silver rune of Zot
 56533 | Vaults:5 | Reached skill level 25 in Fighting
 56644 | Vaults:5 | Received a gift from Okawaru
 57018 | Vaults:5 | Identified the amulet "Gowauqes" {Acrobat rC+ Dex+4} (You
                  | found it on level 5 of the Vaults)
 57399 | Vaults:5 | Identified the Disquisition on Orientation and Cold
 57403 | Vaults:5 | Identified the Compendium of the Damaging Frostbite
 57833 | Elf:1    | Entered Level 1 of the Elven Halls
 57913 | Elf:1    | Found a frozen archway.
 57962 | IceCv    | Entered an ice cave
 59175 | Elf:1    | Identified the Almanac of Necromancy
 59206 | Elf:1    | Received a gift from Okawaru
 59307 | Elf:1    | Found Sueg's Armour Shop.
 59690 | Elf:2    | Received a gift from Okawaru
 60132 | Elf:2    | Found a runed translucent gate.
 60135 | Elf:2    | Found a runed translucent gate.
 60136 | Elf:2    | Found a runed translucent gate.
 60743 | Elf:2    | Reached XP level 27. HP: 312/312 MP: 32/32
 60951 | Elf:3    | Entered Level 3 of the Elven Halls
 61338 | Elf:3    | Reached skill level 15 in Armour
 61396 | Elf:3    | Received a gift from Okawaru
 61666 | Elf:3    | Identified the ring of New Discoveries {rPois Str+4 SInv
                  | Stlth+} (You found it on level 3 of the Elven Halls)
 61746 | Elf:3    | Identified the +8 ring mail of Doomed Intercession {rPois
                  | Int+2 Dex-4}
 62064 | Elf:3    | Found Arocvy's Antique Weapon Emporium.
 62687 | Zot:1    | Entered Level 1 of the Realm of Zot
 63829 | Zot:1    | Received a gift from Okawaru
 63840 | Zot:1    | Received a gift from Okawaru
 63905 | Zot:1    | HP: 3/312 [quicksilver dragon/bolt of dispelling energy
                  | (25)]
 63905 | Zot:1    | Killed from afar by an electric golem

Illustrated notes

Levels and vault maps discovered:
D:1:      grunt_arrival_crossed_arrows, layout_basic
D:2:      layout_basic, uniq_natasha
D:3:      layout_basic, lemuel_doored_altar
D:4:      layout_loops_ring, serial_shops, nicolae_shop_overgrown_old_shop
D:5:      layout_rooms, lemuel_coloured_pillars_altar, temple_green,
          serial_shops, nicolae_shop_crystal
D:6:      layout_loops_ring, grunt_temple_overflow_open,
          small_statue_intersection, dk_noncrumbling_3, grunt_gozag_statues
D:7:      layout_basic
D:8:      layout_cave_pools, dpeg_lair_monsters, serial_shops, shop_coins
D:9:      layout_long_grid, jmf_multi_god_temple2
D:10:     layout_stronghold, serial_glass, glass_columns_a, glass_columns_a,
          kennysheep_another_room
D:11:     layout_roguey [special_room_orc], gauntlet_entry_generic
D:12:     layout_rooms, orc_0_dummy
D:13:     layout_loops_cross, minmay_hollow_rounded_squares, uniq_josephine,
          uniq_erolcha
D:14:     layout_basic, david_vaults_1, serial_ice, serial_ice_o, serial_ice_m,
          serial_ice_b, serial_ice_l, hangedman_abyss_or_decor_stabs
D:15:     hangedman_depths_entry_try_elsewhere_first, layout_basic,
          serial_shops, shop, minmay_door_square, basic_altar, st_stairs_9,
          uniq_azrael
Temple:   regret_index_temple_sphere_string
Lair:1:   layout_hall_layers, maelrawn_ghost_gauntlet_escape,
          infiniplex_staircase_pool, grunt_megastairs_2
Lair:2:   layout_roguey, elwin_shoals_entry_rocks,
          minmay_snake_entry_guardpost_small, uniq_maggie
Lair:3:   layout_gridlike, serial_bayou, serial_bayou_pond_b,
          serial_bayou_lagoon_a, serial_bayou_pond_a, serial_bayou_shore_b,
          nicolae_lair_grove_arrangements, uniq_gastronok
Lair:4:   layout_roguey, zaba_antful_of_joy, uniq_snorg, uniq_sonja
Lair:5:   layout_regular_city, serial_bayou_shore_b, grunt_megastairs_4,
          lemuel_fruit_tree
Lair:6:   grunt_lair_end_beastmaster, layout_regular_city,
          minmay_slime_entry_eyes, maelrawn_ghost_gauntlet_escape,
          serial_bayou_shore_a, lemuel_fruit_fields, minmay_lair_oklob_chamber,
          uniq_rupert
Shoals:1: gammafunk_the_bubble [the_bubble_gammafunk_roulette], layout_shoals,
          dpeg_stationary_puzzle
Shoals:2: layout_shoals
Shoals:3: layout_shoals, nicolae_shoals_siren_and_animal_friends,
          uniq_polyphemus, uniq_louise
Shoals:4: shoals_end_hangedman, layout_shoals, uniq_kirke
Snake:1:  layout_cave_pods, minmay_shop_grove, uniq_jorgrun, uniq_aizul
Snake:2:  layout_rooms, grunt_ministairs_5, drop_trap,
          hangedman_snake_thin_pillar_pass, uniq_nikola, uniq_saint_roka,
          uniq_frances
Snake:3:  layout_rooms
Snake:4:  snake_pit, layout_misc_corridors
Orc:1:    layout_caves, special_room [special_room_orc], serial_shops,
          nicolae_shop_stone, mines2_david
Orc:2:    grunt_orc_tribal_feast, layout_diamond_mine, guppyfry_orc_lava_fort
Elf:1:    eino_elf_arrival_shootout, layout_geoelf_octagon,
          portal_ice_cave_entry_ice_statue_two, serial_shops, shop,
          minmay_elf_necromancy
Elf:2:    layout_onion_city
Elf:3:    elf_hall_gauntlet_wide, layout_gridlike, serial_shops, shop_fountains
Vaults:1: nicolae_vaults_arrows, nicolae_vaults_fighting_squares,
          vaults_room_pools, v_misc_29, ontoclasm_vaults_shuriken,
          ontoclasm_vaults_loading_screen, layout_vaults_omnigrid, serial_shops,
          shop_statue
Vaults:2: biasface_vaults_ghost_orc_armoury, st_octagons_1, vaults_room_pool,
          vaults_standard_mumra_x, minmay_crypt_entry_necro_gods,
          nicolae_vaults_twisting_passages, v_misc_12, vaults_room_pools,
          v_pattern_4, ontoclasm_vaults_loading_screen,
          grunt_vaults_hallway_short, nicolae_vaults_diagonal_hallway_9,
          layout_vaults_ring, serial_shops, bzr_firewalk
Vaults:3: vaults_room_semicircle, ontoclasm_vaults_gateway,
          grunt_vaults_bifocal, v_rooms_1, vaults_room_ringed_pool, v_misc_27,
          vaults_room_semicircle, vaults_dpeg_hooks, ontoclasm_vaults_idyll,
          vaults_dpeg_diagonal, vaults_dpeg_ring, vaults_room_door_ring,
          layout_vaults_big_room, uniq_frederick
Vaults:4: v_misc_29, nicolae_vaults_windows_and_doors_thing, v_misc_30,
          vaults_dpeg_encased_lava, v_misc_19, v_misc_1, v_alt_pattern_3,
          hangedman_vaults_stretched_pinwheel, v_misc_23,
          nicolae_vaults_yaktaur_gun_rack, v_rooms_5, layout_vaults_omnicross,
          uniq_donald
Vaults:5: uniq_margery
Depths:1: layout_gridlike, abyss_entry, lightli_too_deep, drop_trap,
          minmay_acid_items, grunt_megastairs_3, uniq_enchantress
Depths:2: hangedman_slaughterboxes, hell_entry
Depths:3: hangedman_elemental_death_ray, layout_cave_shapes, nrook_mini_vaults,
          rand_demon_pan_entry_8, hell_entry, grunt_ministairs_2,
          kennysheep_generic_room_8
Depths:4: cross_vault, layout_basic, enter_ziggurat_b, abyss_entry,
          grunt_pan_entry_zigzag, hell_entry, kennysheep_decorative_pillar,
          kennysheep_cross_room
Depths:5: grunt_zot_entry_alcove, layout_cave_pools, grunt_hell_entry_dis_old,
          nrook_campfire, serial_bayou_pond_a
Zot:1:    layout_misc_corridors

Skill      XL: |  1  2  3  4  5  6  7  8  9 10 11 12 13 14 15 16 17 18 19 20 21 22 23 24 25 26 27 |
---------------+----------------------------------------------------------------------------------+-----
Dodging        | 2 3 4 5 6 8 9 10 11 12 13 14 15 16 17 | 17.0
Conjurations   | 4 |  4.0
Spellcasting   | 3 |  3.0
Stealth        | 2 |  2.0
Fighting       | 1 3 4 6 7 8 10 11 12 13 15 17 18 19 20 21 22 23 24 25 | 25.0
Throwing       | 1 2 3 4 7 8 9 10 11 12 13 14 15 16 17 18 | 18.2
Maces & Flails | 1 2 3 4 5 7 8 9 10 11 12 13 14 15 16 17 | 17.0
Invocations    | 3 4 5 6 7 9 10 11 12 13 | 13.0
Evocations     | 1 2 3 4 5 6 7 8 9 |  9.0
Shields        | 6 12 13 15 16 17 | 17.0
Armour         | 4 12 14 15 | 15.0

Action                   |  1- 3 |  4- 6 |  7- 9 | 10-12 | 13-15 | 16-18 | 19-21 | 22-24 | 25-27 || total
-------------------------+-------+-------+-------+-------+-------+-------+-------+-------+-------++-------
Melee: Club              |     3 |       |       |       |       |       |       |       |       ||     3
       Whip              |     2 |   104 |   318 |    85 |       |       |       |       |       ||   509
       Demon whip        |       |       |       |   385 |  1314 |  1063 |  1528 |  1864 |  1177 ||  7331
       Punch             |       |       |       |       |     4 |       |       |       |       ||     4
Throw: Stone             |     7 |    64 |   153 |    80 |   446 |   596 |   362 |   957 |   880 ||  3545
       Dart              |       |    25 |    34 |    66 |   115 |    60 |    12 |     7 |       ||   319
       Boomerang         |       |     1 |    10 |   146 |   189 |   503 |   413 |    78 |     1 ||  1341
       Throwing net      |       |       |     1 |       |       |     1 |     2 |       |       ||     4
       Large rock        |       |       |       |     2 |    44 |    57 |    12 |    28 |   107 ||   250
       Javelin           |       |       |       |       |    40 |    43 |    25 |    19 |    52 ||   179
 Cast: Magic Dart        |    18 |       |       |       |       |       |       |       |       ||    18
       Searing Ray       |     6 |    19 |    23 |    14 |       |       |       |       |       ||    62
Invok: Heroism           |       |       |     1 |     9 |    12 |     8 |    11 |     6 |     6 ||    53
       Finesse           |       |       |       |     6 |    11 |     7 |    11 |     6 |     3 ||    44
Evoke: Wand              |       |       |     2 |     5 |     1 |       |       |       |       ||     8
       Condenser vane    |       |       |       |       |       |     1 |       |       |     1 ||     2
  Use: Scroll            |     4 |     6 |     9 |     6 |    24 |    12 |     6 |    10 |    13 ||    90
       Potion            |       |       |       |       |       |       |     1 |     1 |       ||     2
 Stab: Sleeping          |     1 |       |     3 |       |     2 |     4 |       |       |       ||    10
       Invisible         |       |       |       |     2 |       |       |       |       |       ||     2
       Petrified         |       |       |       |     1 |     6 |       |       |       |       ||     7
       Petrifying        |       |       |       |       |     2 |       |       |       |       ||     2
       Held in net/web   |       |       |       |       |       |       |     1 |       |       ||     1
Armor: Robe              |     5 |    25 |    70 |    41 |   132 |    91 |   134 |    45 |       ||   543
       Gold dragon scale |       |       |       |       |       |       |       |    73 |   293 ||   366
Dodge: Dodged            |     8 |    57 |   210 |   195 |   454 |   286 |   323 |   227 |   145 ||  1905
Block: Tower shield      |       |       |       |       |       |   308 |   471 |  1003 |   932 ||  2714
       Kite shield       |       |       |       |       |       |   132 |   229 |       |       ||   361
       Reflection        |       |       |       |       |       |       |    26 |   105 |   147 ||   278

Table legend: (Time is in decaauts)
 A = Elapsed time spent in this place.
 B = Non-inter-level travel time spent in this place.
 C = Inter-level travel time spent in this place.
 D = Time resting spent in this place.
 E = Time spent auto-exploring this place.
 F = Levels seen in this place.
 G = Mean time per level.
                   A        B        C        D        E       F      G
               +--------+--------+--------+--------+--------+-----+--------+
         Total |  59149 |  52764 |   6385 |    745 |  38127 |  49 | 1207.1 |
       Dungeon |  15930 |  13753 |   2177 |     52 |  10697 |  15 | 1062.0 |
        Temple |    161 |    129 |     32 |      0 |    128 |   1 |  161.0 |
          Lair |   8021 |   6856 |   1165 |     46 |   5164 |   6 | 1336.8 |
        Shoals |   4477 |   4157 |    320 |     84 |   2727 |   4 | 1119.2 |
     Snake Pit |   3497 |   3008 |    489 |     37 |   2108 |   4 |  874.2 |
  Orcish Mines |   2274 |   1986 |    288 |     40 |   1145 |   2 | 1137.0 |
   Elven Halls |   3392 |   3047 |    345 |     29 |   2362 |   3 | 1130.7 |
        Vaults |  11268 |  10618 |    650 |    313 |   7849 |   5 | 2253.6 |
        Depths |   7652 |   6735 |    917 |    113 |   4272 |   5 | 1530.4 |
           Zot |   1110 |   1110 |      0 |      0 |    911 |   1 | 1110.0 |
        Bazaar |     75 |     75 |      0 |      0 |     73 |   1 |   75.0 |
      Ice Cave |    845 |    845 |      0 |      0 |    422 |   1 |  845.0 |
      Gauntlet |    440 |    440 |      0 |     28 |    267 |   1 |  440.0 |
               +--------+--------+--------+--------+--------+-----+--------+

Top non-repeatable levels by time:
Vaults:4: 3195 daAuts
Vaults:2: 2832 daAuts
  Lair:6: 1989 daAuts
Vaults:5: 1983 daAuts
Vaults:1: 1955 daAuts
Depths:1: 1848 daAuts
Depths:2: 1662 daAuts
  Lair:1: 1550 daAuts
Depths:4: 1442 daAuts
Depths:3: 1411 daAuts
  Lair:2: 1360 daAuts
     D:7: 1360 daAuts
Shoals:2: 1331 daAuts
     D:3: 1318 daAuts
Vaults:3: 1301 daAuts
